 Dungeon Crawl Stone Soup version 0.20-a0-513-g02c11fc (webtiles) character file.

991 Amnesiac the Vexing (level 7, -11/46 HPs)
             Began as a Mummy Enchanter on Jan 23, 2017.
             Was an Initiate of Gozag.
             Mangled by a wight
             ... wielding a +3 morningstar
              (16 damage)
             ... on level 5 of the Dungeon.
             The game lasted 00:17:01 (8714 turns).

Amnesiac the Vexing (Mummy Enchanter)               Turns: 8714, Time: 00:17:02

Health: -11/46     AC:  3    Str: 12    XL:     7   Next: 98%
Magic:  4/13       EV:  9    Int: 16    God:    Gozag
Gold:   755        SH:  0    Dex: 12    Spells: 2/14 levels left

rFire    x x .     SeeInvis .   a - +2 dagger
rCold    + + .     Gourm    .   b - +0 robe
rNeg     + + +     Faith    .   (no shield)
rPois    ∞         Spirit   .   (no helmet)
rElec    .         Reflect  .   g - +0 cloak
rCorr    .         Harm     .   (no gloves)
MR       .....                  (no boots)
Stlth    +++.......             (no amulet)
Regen    0.2/turn               p - ring of ice
                                d - -3 ring of evasion (curse)

@: no status effects
A: no food or potions, fire vulnerability, cold resistance 1, negative energy
resistance 3, torment resistance, unbreathing
a: Potion Petition, Call Merchant, Bribe Branch, Renounce Religion


You were on level 5 of the Dungeon.
You worshipped Gozag.
Gozag was pleased with you.
You were not hungry.

You visited 2 branches of the dungeon, and saw 6 of its levels.

You collected 829 gold pieces.
You paid 74 gold pieces to Gozag.

Inventory:

Hand Weapons
 a - a +2 dagger (weapon)
 f - a +0 battleaxe
 h - a +4 short sword
Missiles
 e - 7 javelins (quivered)
Armour
 b - a +0 robe (worn)
 g - a +0 cloak (worn)
Jewellery
 d - a cursed -3 ring of evasion (left hand)
 j - an uncursed ring of protection from cold
 p - a ring of ice (right hand)
Scrolls
 i - 2 scrolls of teleportation
 k - 3 scrolls of identify
 l - a scroll of magic mapping
 m - 3 scrolls of fear
 n - 2 scrolls of amnesia
 o - a scroll of enchant weapon
 q - a scroll of immolation
Books
 c - a book of Maledictions

   Spells                             Type                      Level
   a - Corona                         Hexes                        1
   b - Ensorcelled Hibernation        Hexes/Ice                    2
   c - Confuse                        Hexes                        3
   d - Tukima's Dance                 Hexes                        3
   e - Dazzling Spray                 Conjuration/Hexes            3


   Skills:
 + Level 4.8 Short Blades
 - Level 1.5 Dodging
 + Level 4.9 Stealth
 - Level 4.0 Spellcasting
 - Level 5.0 Hexes


You had 2 spell levels left.
You knew the following spells:

 Your Spells              Type           Power        Failure   Level  Hunger
a - Dazzling Spray        Conj/Hex       ##....       17%         3    N/A
e - Confuse               Hex            ###.....     8%          3    N/A
f - Corona                Hex            ###....      1%          1    N/A
w - Tukima's Dance        Hex            ###.....     8%          3    N/A
z - Ensorcelled Hibernat  Hex/Ice        ###...       10%         2    N/A

Dungeon Overview and Level Annotations

Branches:
Dungeon (5/15)             Temple (1/1) D:4

Altars:
Cheibriados
Elyvilon
Fedhas
Gozag
Hepliaklqana
Kikubaaqudgha
Makhleb
Nemelex Xobeh
Okawaru
Qazlal
Ru
Sif Muna
Trog
Uskayaw
Vehumet
Xom
Zin
The Shining One


Innate Abilities, Weirdness & Mutations

You do not eat or drink.
Your flesh is vulnerable to fire.
You are immune to poison.
Your flesh is cold resistant. (rC+)
You are immune to negative energy. (rN+++)
You are immune to unholy pain and torment.
You can survive without breathing.


Message History

You barely miss the wight.
The wight is lightly damaged.
Your long sword misses the wight.
The wight hits you but does no damage.
You hit the wight but do no damage.
The wight is lightly damaged.
You barely miss the wight.
The wight is lightly damaged.
The wight hits you!
* * * LOW HITPOINT WARNING * * *
Your long sword closely misses the wight.
Your long sword falls from the air.
You see here a meat ration.
There is an open door, spattered with blood here.
Things that are here:
an enchanted dagger; a robe A wight comes into view.
It is wielding an enchanted morningstar.
The wight barely misses you.
The wight hits you with an enchanted morningstar!
You die...
Your body crumbles into a pile of gold.

#............[####.#.
#......z..%....)...#.
#######z#######..######.
#....##.# #..# #. #.##.##.#####
#..### ## #####.##.##.....#
#....# ###
#.....##.######.####...# #..
#.######.######........# #..
#..........@zzz..##..#.###..
########.######......#.##...
#.#.............##...
#.#.#................
###########.#.#........####....
#.............#....#......#....
#.#########...#....#....#.#....
#.# #...# #...#....#......#...(
#.# #...# #...#.####.>#.#.#....


You could see 3 wights.

Vanquished Creatures
  2 dancing weapons
  A sky beast (D:4)
  2 ogres
  A scorpion (D:3)
  A crimson imp (D:5)
  A bullfrog zombie (D:5)
  A centaur zombie (D:5)
  A hound (D:5)
  3 orc priests (D:4)
  2 bullfrog skeletons (D:5)
  2 orc wizards
  An iguana (D:4)
  4 worker ants
  A hound skeleton (D:5)
  5 gnolls
  7 adders
  2 shadow imps (D:5)
  An ooze (D:3)
  An adder zombie (D:5)
  An adder skeleton (D:5)
  A worm (D:3)
  A dart slug (D:2)
  3 leopard geckos
  8 orcs
  A ball python (D:2)
  2 giant cockroaches
  5 goblins
  10 hobgoblins
  5 jackals
  A quokka (D:5)
  16 bats
  3 frilled lizards
  A giant cockroach zombie (D:5)
  10 kobolds
  A quokka skeleton (D:4)
  10 rats
118 creatures vanquished.

Vanquished Creatures (collateral kills)
  An ogre (D:4)
  A gnoll (D:4)
  An adder (D:4)
  An orc (D:4)
4 creatures vanquished.

Grand Total: 122 creatures vanquished

Notes
Turn   | Place    | Note
-------+----------+-------------------------------------------
     0 | D:1      | Amnesiac the Mummy Enchanter began the quest for the Orb.
     0 | D:1      | Reached XP level 1. HP: 13/13 MP: 4/4
    15 | D:1      | Reached skill level 1 in Short Blades
   323 | D:1      | Reached skill level 3 in Hexes
   657 | D:1      | Reached XP level 2. HP: 19/19 MP: 3/5
   661 | D:1      | Learned a level 2 spell: Ensorcelled Hibernation
  1777 | D:2      | Reached XP level 3. HP: 24/24 MP: 4/7
  1787 | D:2      | Learned a level 3 spell: Confuse
  2521 | D:3      | Found a faded altar of an unknown god.
  2571 | D:4      | Noticed an ogre
  2585 | D:4      | Noticed an ogre
  2602 | D:4      | Found a staircase to the Ecumenical Temple.
  2621 | Temple   | Entered the Ecumenical Temple
  2715 | Temple   | Became a worshipper of Gozag Ym Sagoz the Greedy
  2759 | D:4      | Reached XP level 4. HP: 19/30 MP: 0/10
  2766 | D:4      | Learned a level 3 spell: Tukima's Dance
  3013 | D:4      | Killed an ogre
  3013 | D:4      | Reached XP level 5. HP: 18/35 MP: 3/11
  3181 | D:4      | Killed an ogre
  3181 | D:4      | Reached skill level 4 in Hexes
  3476 | D:2      | HP: 1/35 [bat (1)]
  3834 | D:2      | Learned a level 3 spell: Dazzling Spray
  4549 | D:3      | Reached XP level 6. HP: 35/41 MP: 7/12
  5649 | D:3      | Reached skill level 5 in Hexes
  6109 | D:4      | Noticed a fire elemental
  6112 | D:4      | Found a stormy altar of Qazlal.
  6113 | D:4      | Noticed a water elemental
  6113 | D:4      | Noticed an air elemental
  6119 | D:4      | Noticed a sky beast
  6131 | D:4      | Killed a sky beast
  6131 | D:4      | Reached XP level 7. HP: 28/46 MP: 1/13
  7370 | D:5      | Entered Level 5 of the Dungeon
  7510 | D:5      | Found a burning altar of Makhleb.
  7510 | D:5      | Found a glowing golden altar of the Shining One.
  8693 | D:5      | HP: 2/46 [wight (7)]
  8714 | D:5      | Mangled by a wight

Vault maps used:
D:1:      ncdulo_wetmaze
D:2:      kennysheep_pointless_box
D:3:      first_bread, chequers_ecumenical_altar_simple
D:4:      wad_river_or_something, nicolae_qazlal_style_of_elements
D:5:      gammafunk_temple_overflow_elements
Temple:   eino_temple_rhombus

Skill      XL: |  1  2  3  4  5  6  7 |
---------------+----------------------+-----
Short Blades   | 1 2 3 4 |  4.8
Hexes          | 3 4 5 |  5.0
Spellcasting   | 4 |  4.0
Stealth        | 3 4 |  4.9
Dodging        | |  1.5

Action                   |  1- 3 |  4- 6 |  7- 9 || total
-------------------------+-------+-------+-------++-------
Melee: Dagger            |    93 |   155 |   139 ||   387
Throw: Throwing net      |       |       |     1 ||     1
 Cast: Corona            |    17 |       |       ||    17
       Ensorcelled Hiber |    26 |    30 |    18 ||    74
       Confuse           |     2 |    29 |    33 ||    64
       Tukima's Dance    |       |     7 |     4 ||    11
Invok: Potion Petition   |       |     1 |       ||     1
  Use: Scroll            |     3 |     5 |     2 ||    10
 Stab: Sleeping          |    17 |    19 |    12 ||    48
       Confused          |       |     9 |     8 ||    17
       Held in net/web   |       |       |     1 ||     1
Armor: Robe              |    40 |    22 |    11 ||    73
Dodge: Dodged            |    67 |    64 |    39 ||   170
